Map: Blackpink LE

Players

Namshar - Winner!

  • Race: Zerg Zerg
  • Spawn Location: 7:00

Serral

  • Race: Zerg Zerg
  • Spawn Location: 1:00

Event: WCS Leipzig 2018

VOD

Have the link to the VOD?

Description

Time

  • Played on: Jan. 26, 2018, 1:23 p.m.
  • Length: 13:51

All games in this series

Show
View Real Time Build Order
Export as new Build Order

Namshar Zerg - Winner!

Build Orders: Hatch First, Muta Ling Bane 

Get SALT Encoding   

  12  0:00  Drone  
  13  0:12  Overlord  
  13  0:17  Drone  
  14  0:30  Drone x2  
  14  0:34  Drone  
  17  0:50  Hatchery  
  17  0:53  Drone  
  17  0:56  Drone  
  18  1:02  Extractor  
  17  1:11  Spawning Pool  
  16  1:14  Drone  
  16  1:17  Drone  
  18  1:28  Drone  
  19  1:40  Overlord  
  19  1:49  Drone  
  20  1:57  Queen  
  20  1:59  Zergling x2  
  23  2:02  Queen  
  23  2:03  Metabolic Boost  
  23  2:04  Zergling x2  
  26  2:10  Drone  
  26  2:13  Drone  
  28  2:21  Drone  
  29  2:23  Drone  
  30  2:32  Zergling x2  
  30  2:36  Hatchery  
  30  2:38  Drone  
  30  2:44  Baneling Nest  
  30  2:47  Zergling x2  
  30  2:50  Overlord  
  31  2:58  Drone  
  32  2:59  Overlord  
  32  3:12  Drone x3  
  35  3:13  Drone  
  35  3:19  Drone x2  
  39  3:20  Drone x2  
  39  3:25  Queen  
  42  3:29  Overlord  
  42  3:32  Baneling x2  
  42  3:35  Overlord  
  42  3:40  Drone x2  
  44  3:49  Drone  
  44  3:50  Drone x2  
  44  3:51  Drone x2  
  44  3:53  Extractor  
  44  3:54  Evolution Chamber  
  47  3:56  Zergling x4  
  49  4:05  Drone x2  
  49  4:09  Drone x3  
  54  4:14  Drone x2  
  55  4:21  Drone x5  
  60  4:29  Drone, Overlord x2  
  60  4:31  Lair  
  61  4:33  Zerg Missile Weapons Level 1  
  61  4:35  Drone  
  62  4:40  Zergling x2  
  62  4:41  Zergling x4  
  62  4:44  Overlord  
  65  4:50  Zergling x8  
  65  4:51  Drone x4  
  73  4:57  Zergling x2  
  73  4:58  Zergling x4  
  74  5:02  Drone x2  
  74  5:04  Extractor  
  74  5:05  Baneling  
  74  5:06  Baneling  
  75  5:07  Drone x3  
  75  5:08  Drone  
  75  5:13  Extractor  
  76  5:15  Extractor  
  76  5:16  Drone x3  
  78  5:23  Drone x2  
  78  5:25  Overlord x2  
  78  5:28  Drone  
  81  5:31  Roach Warren  
  81  5:32  Spire  
  81  5:33  Drone x2, Extractor  
  80  5:42  Drone  
  81  5:43  Drone  
  81  5:44  Drone x3  
  85  6:02  Queen  
  83  6:17  Drone x3, Glial Reconstitution  
  84  6:21  Drone  
  84  6:22  Evolution Chamber  
  84  6:23  Roach x9  
  102  6:29  Hatchery  
  102  6:31  Roach  
  102  6:32  Roach  
  104  6:33  Roach  
  104  6:38  Overlord x2  
  104  6:39  Overlord  
  99  6:48  Mutalisk x3  
  99  6:51  Overlord x2  
  105  6:55  Zerg Ground Armor Level 1, Zerg Missile Weapons Level 2  
  103  7:03  Mutalisk  
  103  7:04  Mutalisk x3  
  109  7:12  Drone  
  109  7:13  Drone  
  110  7:15  Drone x2  
  110  7:16  Zerg Flyer Weapons Level 1  
  110  7:17  Drone  
  110  7:18  Queen  
  112  7:24  Drone  
  112  7:25  Drone x7  
  112  7:28  Overlord  
  120  7:34  Overlord  
  120  7:39  Centrifical Hooks  
  120  7:43  Overlord  
  120  7:46  Drone x3, Extractor  
  120  7:48  Roach x8  
  120  7:51  Overlord  
  138  7:54  Ravager x4  
  138  7:56  Roach x2  
  146  7:59  Overlord  
  146  8:08  Roach x5  
  158  8:13  Roach  
  158  8:18  Drone  
  159  8:21  Roach  
  159  8:22  Roach x5  
  159  8:25  Overlord  
  170  8:30  Zergling x4  
  170  8:32  Unknown  
  171  8:48  Zergling x26  
  181  9:08  Baneling  
  181  9:09  Baneling x15  
  174  9:12  Baneling x3  
  174  9:13  Baneling  
  174  9:14  Ravager x2  
  174  9:15  Ravager  
  174  9:16  Ravager, Roach  
  174  9:17  Roach x6  
  192  9:18  Overlord x2  
  192  9:22  Zerg Ground Armor Level 2  
  192  9:25  Baneling  
  192  9:26  Baneling x5  
  192  9:28  Baneling  
  192  9:32  Baneling x2  
  192  9:36  Overlord x2  
  171  10:01  Roach x16  
  171  10:06  Roach  
  194  10:07  Roach x8  
  194  10:14  Roach x2  
  195  10:18  Roach x2  
  197  10:27  Ravager  
  197  10:28  Ravager  
  193  10:29  Ravager  
  193  10:31  Extractor  
  193  10:33  Ravager x2  
  194  10:35  Drone x2  
  194  10:39  Hatchery  
  194  10:40  Ravager x2  
  195  10:44  Roach x2  
  189  11:02  Roach x10  
  199  11:07  Queen  
  183  11:11  Roach x5  
  183  11:12  Roach x2  
  183  11:16  Roach x6  
  196  11:23  Roach x2  
  196  11:24  Overseer  
  194  11:37  Roach x3  
  194  11:38  Roach x3  
  178  11:45  Roach x6  
  164  11:55  Roach x8  
  179  12:03  Queen  
  179  12:05  Roach  
  179  12:06  Roach x5  
  193  12:10  Ravager x2  
  193  12:11  Infestation Pit  
  193  12:12  Ravager  
  193  12:13  Ravager x2  
  197  12:17  Pneumatized Carapace, Overseer  
  197  12:18  Overseer x2  
  197  12:20  Roach  
  197  12:21  Ravager  
  189  12:39  Roach  
  189  12:40  Roach x7  
  193  12:47  Roach x9  
  193  12:48  Roach x2  
  193  12:50  Roach  
  168  13:00  Roach x6  
  165  13:06  Roach x3  
  171  13:15  Drone x6  
Show
View Real Time Build Order
Export as new Build Order

Serral Zerg 

Build Orders: Hatch First, Lurkers 

Get SALT Encoding   

  12  0:00  Drone  
  13  0:12  Overlord  
  13  0:17  Drone  
  14  0:30  Drone  
  14  0:31  Drone  
  14  0:35  Drone  
  17  0:51  Hatchery  
  17  0:55  Drone  
  17  0:58  Drone  
  17  1:04  Extractor  
  17  1:12  Spawning Pool  
  17  1:16  Drone  
  17  1:19  Drone  
  18  1:28  Drone  
  19  1:39  Overlord  
  19  1:50  Drone  
  20  1:59  Queen  
  20  2:00  Zergling x2  
  23  2:02  Queen  
  23  2:03  Zergling x2  
  23  2:06  Metabolic Boost  
  26  2:11  Drone  
  26  2:13  Drone  
  28  2:21  Drone  
  29  2:24  Drone  
  30  2:35  Hatchery  
  29  2:41  Queen  
  31  2:48  Drone x2  
  33  2:53  Baneling Nest  
  33  2:56  Overlord  
  32  2:59  Zergling x2  
  32  3:01  Zergling x2  
  32  3:04  Drone  
  35  3:07  Drone  
  36  3:15  Overlord  
  36  3:16  Zergling x2  
  36  3:17  Zergling x2  
  36  3:18  Drone  
  39  3:22  Zergling x2  
  39  3:26  Drone  
  39  3:27  Drone  
  41  3:30  Drone  
  41  3:32  Drone  
  43  3:39  Baneling  
  44  3:41  Drone  
  44  3:47  Drone x2  
  48  3:49  Evolution Chamber  
  48  3:53  Overlord  
  48  3:55  Drone x5  
  50  3:59  Zergling x2  
  50  4:02  Overlord  
  51  4:07  Overlord  
  51  4:12  Drone  
  51  4:13  Drone  
  51  4:15  Zerg Missile Weapons Level 1  
  53  4:19  Drone, Extractor  
  53  4:20  Drone  
  53  4:23  Lair  
  55  4:24  Drone x2  
  55  4:28  Drone  
  55  4:30  Drone x2  
  59  4:35  Drone  
  59  4:36  Roach Warren  
  58  4:39  Extractor  
  58  4:41  Zergling x2  
  58  4:43  Baneling  
  58  4:45  Drone, Overlord  
  59  4:46  Drone  
  59  4:48  Drone  
  59  4:50  Overlord  
  59  4:51  Drone  
  63  4:53  Drone x3  
  63  4:56  Overlord  
  63  4:58  Drone  
  64  5:02  Zergling x6  
  67  5:07  Baneling x2  
  67  5:08  Drone x2  
  68  5:14  Zergling x6  
  68  5:18  Drone x2  
  68  5:19  Roach  
  75  5:24  Glial Reconstitution  
  75  5:25  Roach x3  
  81  5:28  Roach  
  81  5:32  Baneling, Overlord  
  81  5:35  Drone x4  
  87  5:38  Drone, Extractor  
  87  5:40  Extractor  
  87  5:41  Extractor  
  89  5:50  Roach x3  
  89  5:54  Roach  
  89  5:56  Hatchery  
  92  5:59  Overlord  
  92  6:00  Roach x4  
  96  6:16  Drone x2  
  96  6:17  Drone, Zerg Missile Weapons Level 2  
  96  6:19  Drone x5, Evolution Chamber  
  96  6:22  Drone x3  
  102  6:28  Roach  
  102  6:31  Hydralisk Den, Queen x2  
  104  6:33  Overlord  
  106  6:40  Ravager x3  
  106  6:44  Spore Crawler  
  106  6:45  Drone  
  102  6:49  Roach x8  
  102  6:53  Zerg Ground Armor Level 1  
  100  7:10  Roach x10  
  100  7:12  Overlord  
  118  7:16  Hydralisk x2  
  118  7:21  Hydralisk x2  
  124  7:28  Drone  
  124  7:29  Muscular Augments, Spore Crawler  
  122  7:31  Overlord  
  122  7:32  Overlord  
  122  7:35  Spore Crawler, Overlord  
  121  7:40  Overlord  
  121  7:41  Overlord  
  121  7:45  Drone  
  121  7:46  Hydralisk, Spore Crawler  
  121  7:47  Hydralisk  
  125  7:53  Drone, Lurker Den  
  125  7:54  Drone x3  
  125  7:57  Drone x2  
  130  8:00  Hydralisk  
  130  8:01  Roach  
  130  8:05  Roach x2  
  138  8:06  Extractor  
  138  8:10  Roach x3  
  143  8:13  Overlord  
  143  8:16  Overseer  
  143  8:19  Roach x4  
  151  8:25  Roach x2  
  151  8:26  Roach  
  157  8:33  Overlord  
  157  8:35  Roach x5  
  157  8:38  Overlord  
  166  8:43  Overlord  
  166  8:46  Overlord x2  
  166  8:50  Overlord  
  166  8:57  Roach x7  
  178  9:09  Hydralisk  
  178  9:10  Hydralisk x3  
  178  9:14  Overseer x2  
  186  9:21  Lurker x5  
  191  9:27  Extractor  
  191  9:28  Drone x2, Spine Crawler  
  191  9:29  Spine Crawler  
  190  9:39  Hydralisk x3  
  190  9:40  Hydralisk  
  192  9:57  Hydralisk x5  
  184  10:12  Roach x11  
  200  10:16  Zerg Ground Armor Level 2  
  196  10:23  Hydralisk x2  
  196  10:24  Roach  
  196  10:28  Hatchery  
  193  10:43  Drone x3  
  196  10:50  Roach x2  
  196  10:52  Burrow  
  188  11:05  Roach x6  
  190  11:16  Roach x8  
  200  11:30  Infestation Pit  
  192  11:36  Roach x11  
  152  11:51  Hydralisk x3  
  156  11:58  Drone x4, Queen  
  158  12:02  Pneumatized Carapace  
  158  12:05  Lurker x2  
  158  12:06  Lurker  
  161  12:09  Lurker  
  161  12:10  Hive  
  161  12:12  Drone x3  
  161  12:13  Extractor  
  161  12:14  Overseer  
  164  12:18  Lurker  
  164  12:19  Lurker  
  166  12:23  Lurker  
  163  12:33  Roach x7  
  159  12:43  Roach x5  
  154  12:49  Roach x3  
  147  12:56  Hydralisk x3  
  139  13:06  Hydralisk  
  139  13:07  Hydralisk x2  
  139  13:13  Drone x2  
  139  13:14  Drone x2  
  139  13:15  Extractor  
  138  13:23  Lurker x3  
  137  13:28  Roach x5  
  149  13:40  Hatchery  
Tags
 
Add a new tag
Caveats
  • Supply blocks, unpowered buildings, or Contaminate may cause inaccurate times.
  • Supply counts are checked every 10 seconds.